 Dungeon Crawl Stone Soup version 0.20-a0-501-g0de2c2e (webtiles) character file.

6367 Faca the Blocker (level 11, -2/83 HPs)
             Began as a Formicid Fighter on Jan 19, 2017.
             Was a High Priest of Okawaru.
             Slain by a harpy (12 damage)
             ... summoned by Kirke
             ... on level 12 of the Dungeon.
             The game lasted 00:30:28 (10726 turns).

Faca the Blocker (Formicid Fighter)                Turns: 10726, Time: 00:30:29

Health: -2/83      AC:  0    Str: 22    XL:     11   Next: 17%
Magic:  11/11      EV: 15    Int:  8    God:    Okawaru [*****.]
Gold:   767        SH:  4    Dex: 12    Spells: 10/10 levels left

rFire    . . .     SeeInvis .   (weapon currently unavailable)
rCold    . . .     Gourm    .   (armour currently unavailable)
rNeg     . . .     Faith    .   (shield currently unavailable)
rPois    .         Spirit   .   (helmet unavailable)
rElec    .         Reflect  +   (cloak currently unavailable)
rCorr    .         Harm     .   (gloves currently unavailable)
MR       +....                  (boots currently unavailable)
Stlth    ++........             i - +4 amulet of reflection
Regen    0.3/turn               (ring currently unavailable)
                                (ring currently unavailable)

@: pig-form, very quick
A: permanent stasis, dig shafts and tunnels, four strong arms, (antennae 0)
a: Heroism, Finesse, Renounce Religion


You were on level 12 of the Dungeon.
You worshipped Okawaru.
Okawaru was extremely pleased with you.
You were not hungry.
You were a filthy swine.
You visited 2 branches of the dungeon, and saw 13 of its levels.
You also visited: Sewer.

You collected 767 gold pieces.

Inventory:

Hand Weapons
 t - the +10 short sword "Bosubinics" {pain, rC+}
   (You found it on level 7 of the Dungeon)

   In the hands of one skilled in necromantic magic, it inflicts extra damage on
   living creatures.
   It protects you from cold.
 B - a +2 great sword of holy wrath (melded)
Armour
 h - a +0 cloak (melded)
 j - a +0 chain mail (melded)
 q - the +5 shield "Xocudeps" (melded) {rF+}
   (You found it on level 5 of the Dungeon)

   It protects you from fire.
Jewellery
 i - a +4 amulet of reflection (around neck)
 p - a ring of poison resistance (melded)
 s - an uncursed amulet of faith {unknown}
Wands
 m - a wand of lightning (7/15)
 x - a wand of flame (31/48)
Scrolls
 a - 3 scrolls of recharging
 k - 4 scrolls of remove curse
 y - 2 scrolls of magic mapping
Potions
 b - a potion of berserk rage {unknown}
 d - 2 potions of might
 e - 3 potions of flight
 l - 3 potions of brilliance
 n - 2 potions of agility
 o - a potion of invisibility
 v - a potion of lignification {unknown}
 w - a potion of resistance {unknown}
 z - 3 potions of experience {unknown}
Comestibles
 f - 8 bread rations
 g - 4 meat rations
 r - a slice of pizza
 u - a royal jelly
 A - a beef jerky


   Skills:
 + Level 6.4 Fighting
 + Level 10.7 Long Blades
 + Level 7.8 Armour
 + Level 2.5 Dodging
 + Level 1.1 Stealth
 + Level 10.8 Shields


You had 10 spell levels left.
You didn't know any spells.

Dungeon Overview and Level Annotations

Branches:
Dungeon (11/15)            Temple (1/1) D:4            Lair (0/6) D:8
    Orc: D:9-12

Altars:
Ashenzari
Cheibriados
Dithmenos
Elyvilon
Fedhas
Gozag
Hepliaklqana
Kikubaaqudgha
Makhleb
Nemelex Xobeh
Okawaru
Qazlal
Ru
Sif Muna
Trog
Uskayaw
Vehumet
Xom
Yredelemnul
Zin
The Shining One

Shops:
D:5 :*:   D:9 }

Annotations:
D:12 Kirke


Innate Abilities, Weirdness & Mutations

You cannot be hasted, slowed, berserked, paralysed or teleported.
You can dig through walls and to a lower floor.
Your four strong arms can wield two-handed weapons with a shield.
((You have a pair of large antennae on your head. (SInv)))


Message History

You hear some strange, mumbled words.
Something summons a manticore!
The manticore flicks its tail.
The volley of spikes hits you!
The barbed spikes become lodged in your body.
* * * LOW HITPOINT WARNING * * *
You open the door.
The barbs in your skin will harm you if you move.
Continue?
Okay, then.
There are monsters nearby!
As you read the scroll of fear, it crumbles to dust.
You assume a fearsome visage.
The manticore looks frightened! x2
The orc looks frightened!
You hear some strange, mumbled words.
You feel a momentary urge to oink.
You carefully extract the barbed spikes from your body.
You hear some strange, mumbled words.
Something summons some harpies!
The harpy claws you!
You die...

######+#######+#
#..$.........#.#
#............#.#
#######............#.#
......'.............>###
#hH...............
#............#####
#H...........#
#............#
#?...........#
#............#
#............#####
#.................
#########..$......


You could see 2 harpies.

Vanquished Creatures
  A two-headed ogre (D:10)
  Psyche (D:9)
  A troll (D:10)
  2 hippogriffs
  A spriggan (D:7)
  A hog (D:12)
  5 yaks (D:9)
  Eustachio (D:5)
  2 wargs (D:8)
  Menkaure (D:7)
  Purgy (Sewer)
  An orc warrior (D:8)
  An ice beast (D:9)
  2 sky beasts (D:10)
  A black bear (D:10)
  3 phantoms
  An ogre (D:4)
  A centaur (D:10)
  2 wyvern zombies (D:7)
  4 bullfrogs
  A gnoll sergeant (D:6)
  A wyvern skeleton (D:10)
  4 scorpions
  7 wights
  4 howler monkeys
  A bullfrog zombie (D:10)
  2 crimson imps
  2 bullfrog skeletons
  6 orc priests
  8 hounds
  Crazy Yiuf (D:3)
  5 orc wizards
  Jessica (D:2)
  3 iguanas
  6 worker ants
  A hound skeleton (D:4)
  2 hound zombies
  8 gnolls
  6 adders
  2 river rats (D:5)
  2 shadow imps
  An ooze (D:5)
  An adder zombie (D:8)
  2 adder skeletons
  3 worms
  8 leopard geckos
  24 orcs
  12 bats
  4 giant cockroaches
  10 goblins
  5 hobgoblins
  4 quokkas
  3 frilled lizards
  10 kobolds
  A leopard gecko zombie (D:5)
  5 rats
199 creatures vanquished.

Vanquished Creatures (others)
  A centaur (D:8)
1 creature vanquished.

Grand Total: 200 creatures vanquished

Notes
Turn   | Place    | Note
-------+----------+-------------------------------------------
     0 | D:1      | Faca the Formicid Fighter began the quest for the Orb.
     0 | D:1      | Reached XP level 1. HP: 18/18 MP: 1/1
   134 | D:1      | Reached XP level 2. HP: 23/24 MP: 2/2
   685 | D:2      | Found a faded altar of an unknown god.
   801 | D:2      | Reached XP level 3. HP: 29/29 MP: 3/3
   985 | D:2      | Noticed Jessica
   996 | D:2      | Killed Jessica
   996 | D:2      | Reached XP level 4. HP: 35/36 MP: 4/4
  1120 | D:2      | Found a hide-covered altar of Uskayaw.
  1234 | D:2      | Found an opulent altar of Gozag.
  1235 | D:2      | Found a sparkling altar of Nemelex Xobeh.
  1697 | D:3      | Found a runed door.
  1701 | D:3      | Noticed Crazy Yiuf
  1712 | D:3      | Killed Crazy Yiuf
  1712 | D:3      | Reached XP level 5. HP: 41/41 MP: 5/5
  2523 | D:4      | Found a bloodstained altar of Trog.
  2556 | D:4      | Found a staircase to the Ecumenical Temple.
  2561 | Temple   | Entered the Ecumenical Temple
  2694 | Temple   | Became a worshipper of Warmaster Okawaru
  3176 | D:4      | Reached XP level 6. HP: 45/48 MP: 6/6
  3277 | D:4      | Found a shadowy altar of Dithmenos.
  3371 | D:4      | Noticed an ogre
  3385 | D:4      | Killed an ogre
  3778 | D:5      | Entered Level 5 of the Dungeon
  3785 | D:5      | Found a stormy altar of Qazlal.
  3786 | D:5      | Noticed a water elemental
  3786 | D:5      | Noticed an air elemental
  3786 | D:5      | Noticed a fire elemental
  3822 | D:5      | Reached skill level 5 in Long Blades
  3857 | D:5      | Found Qucheuc's Book Shop.
  3862 | D:5      | Noticed Eustachio
  3874 | D:5      | Killed Eustachio
  3874 | D:5      | Reached skill level 1 in Dodging
  3874 | D:5      | Reached skill level 5 in Shields
  3874 | D:5      | Reached XP level 7. HP: 29/54 MP: 7/7
  3875 | D:5      | Found Fow Deuk's General Store.
  3955 | D:5      | Found Yzaplolli's Book Boutique.
  3996 | D:5      | Reached * piety under Okawaru
  4015 | D:5      | Found a glowing drain.
  4026 | Sewer    | Entered a sewer
  4088 | Sewer    | Noticed Purgy
  4104 | Sewer    | Killed Purgy
  4231 | D:5      | Reached skill level 5 in Armour
  4237 | D:5      | Got an ancient shield
  4248 | D:5      | Identified the +5 shield "Xocudeps" {rF+} (You found it on level 5 of the Dungeon)
  4461 | D:5      | Reached XP level 8. HP: 61/61 MP: 8/8
  5638 | D:6      | Reached ** piety under Okawaru
  5804 | D:6      | Reached XP level 9. HP: 59/67 MP: 9/9
  5939 | D:6      | Found a glowing silver altar of Zin.
  6339 | D:7      | Reached skill level 5 in Fighting
  6487 | D:7      | Got a steaming short sword
  6496 | D:7      | Identified the +10 short sword "Bosubinics" {pain, rC+} (You found it on level 7 of the Dungeon)
  6556 | D:7      | Found a shattered altar of Ashenzari.
  6602 | D:7      | Noticed Menkaure
  6604 | D:7      | Noticed a hippogriff
  6640 | D:6      | Killed a hippogriff
  6903 | D:6      | Upgraded the game from 0.20-a0-495-g2241292 to 0.20-a0-501-g0de2c2e
  6941 | D:7      | Killed Menkaure
  6941 | D:7      | Reached *** piety under Okawaru
  7294 | D:7      | Reached skill level 1 in Stealth
  7693 | D:8      | HP: 2/68 [orc priest/divine providence (15)]
  7932 | D:8      | Reached XP level 10. HP: 68/74 MP: 10/10
  8058 | D:8      | Found a staircase to the Lair.
  9044 | D:9      | Reached **** piety under Okawaru
  9212 | D:9      | Found Umooth's Gadget Shop.
  9292 | D:9      | Noticed Psyche
  9310 | D:9      | Killed Psyche
  9310 | D:9      | Reached skill level 10 in Long Blades
  9484 | D:9      | Reached skill level 10 in Shields
  9647 | D:10     | Entered Level 10 of the Dungeon
  9647 | D:10     | Noticed a two-headed ogre
  9659 | D:10     | Killed a two-headed ogre
  9933 | D:10     | Reached ***** piety under Okawaru
 10113 | D:10     | Reached XP level 11. HP: 61/81 MP: 11/11
 10629 | D:11     | You fall through a shaft!
 10676 | D:12     | Noticed Kirke
 10708 | D:12     | Noticed a manticore
 10716 | D:12     | Noticed a manticore
 10726 | D:12     | Noticed a harpy
 10726 | D:12     | Noticed a harpy
 10726 | D:12     | Slain by a harpy

Vault maps used:
D:1:      onia_arrival_mini_spirals
D:2:      grunt_temple_overflow_opulence, lemuel_coloured_pillars_altar,
          chequers_ecumenical_altar_simple_redux, uniq_jessica
D:3:      kennysheep_the_goblin_king, uniq_crazy_yiuf_cottage
D:4:      nicolae_dithmenos_shadow_blocks, nicolae_overflow_crystal_walls,
          first_bread
D:5:      nicolae_qazlal_style_of_elements, portal_sewer_entry_a, serial_shops,
          shop, nicolae_shop_temple_entry_statues_fountains,
          nicolae_shop_statue_plus, uniq_eustachio
D:6:      zin_treasury
D:7:      old_standard_altar, serial_aquarium, aquarium_bridge_long_separate,
          aquarium_window_2, aquarium_window_fake, aquarium_window_1,
          aquarium_window_1, aquarium_view_2b, aquarium_view_2f,
          aquarium_pool_double, the_bakery, minmay_misc_feat_four_crosses,
          uniq_menkaure
D:8:      erik_lair_orcish_takeover, enter_bailey_2
D:9:      serial_shops, shop, serial_glass, glass_columns_b, glass_columns_a,
          glass_columns_a, glass_columns_a, uniq_psyche
D:11:     minmay_orc_entry_guard_dogs
D:12:     kennysheep_demon_hangout, uniq_kirke, uniq_snorg
Temple:   nicolae_temple_figure_eight
Sewer:    sewer_big_baddie

Skill      XL: |  1  2  3  4  5  6  7  8  9 10 |
---------------+-------------------------------+-----
Shields        | 4 5 7 8 10 | 10.8
Long Blades    | 3 4 5 6 7 8 10 | 10.7
Armour         | 4 5 6 7 |  7.8
Fighting       | 4 5 6 |  6.4
Dodging        | 1 2 |  2.5
Stealth        | 1 |  1.1

Action                   |  1- 3 |  4- 6 |  7- 9 | 10-12 || total
-------------------------+-------+-------+-------+-------++-------
Melee: Long sword        |    67 |   145 |   456 |   171 ||   839
       Great sword       |       |       |       |    65 ||    65
Invok: Heroism           |       |       |       |     1 ||     1
 Abil: Dig               |       |       |     2 |       ||     2
  Use: Scroll            |     5 |     5 |     7 |     3 ||    20
       Potion            |       |       |     3 |       ||     3
  Eat: Meat ration       |       |     2 |       |       ||     2
       Chunk             |       |     1 |       |     1 ||     2
       Bread ration      |       |       |     2 |     2 ||     4
       Fruit             |       |       |     5 |       ||     5
Armor: Scale mail        |    27 |    38 |     1 |       ||    66
       Chain mail        |       |       |   120 |    46 ||   166
Dodge: Dodged            |    22 |    33 |    82 |    30 ||   167
Block: Shield            |    37 |    86 |   402 |   202 ||   727
       Reflection        |     2 |       |     4 |     4 ||    10
       Rpst.: Long sword |     6 |    16 |    22 |     6 ||    50
       Great sword       |       |       |       |     1 ||     1
